AoeStats
← BassAuthor12765

Arena

510933641Analyzed
2v2 RM · 12h ago on Oct 3, 2026· 42m 47s· 4 players
Game mode
Random Map
Map size
Medium (4 player)
Population
200
Speed
Normal
Resources
Standard
Victory
Conquest
Starting age
Dark Age
Ending age
Imperial Age
RankedLock teamsTeams togetherTeam positionsShared explorationLock speedFull tech treeHidden civsTurbo modeCheats
Victory
Defeat
🇺🇸 Aztecs · United States
1125
+16
🇮🇳 Tupi · India
1088
+51
🇦🇷 Cumans · Argentina
1134
-17
🇦🇷 Portuguese · Argentina
1133
-17
Ahhh Harambe
11:13 Feudal Age
10:28 Loom
12:29 Loom
15:28 Castle Age
13:41 Horse Collar
14:51 Scale Mail Armor
18:22 Sanctity
20:11 Fervor
22:09 Redemption
25:42 Pikeman
30:02 Double-Bit Axe
32:00 Wheelbarrow
32:03 Heavy Plow
34:04 Hand Cart
39:22 Imperial Age
37:59 Devotion
39:25 Capped Ram
39:58 Town Watch
42:37 Theocracy
42:27 Illumination
42:18 Block Printing
43:20 Coinage
BassAuthor12765
9:50 Feudal Age
10:33 Loom
13:47 Castle Age
12:19 Double-Bit Axe
16:09 Fletching
20:31 Bodkin Arrow
25:44 Padded Archer Armor
27:32 Leather Archer Armor
34:13 Horse Collar
34:44 Bow Saw
37:58 Imperial Age
36:46 Gold Mining
38:07 Elite Blackwood Archer
39:47 Conscription
39:28 Bracer
40:34 Ballistics
41:24 Chemistry
42:22 Ring Archer Armor
Lord Shadowlight
9:44 Feudal Age
10:49 Double-Bit Axe
11:48 Horse Collar
16:34 Wheelbarrow
20:15 Castle Age
18:03 Town Watch
18:40 Loom
19:32 Stone Mining
21:20 Light Cavalry
21:57 Gold Mining
24:09 Bloodlines
35:51 Masonry
Kraken
9:32 Feudal Age
13:23 Castle Age
11:27 Double-Bit Axe
11:48 Horse Collar
13:13 Loom
26:08 Fletching
29:30 Heavy Plow
29:45 Bow Saw
31:56 Wheelbarrow
35:40 Imperial Age
34:25 Hand Cart
37:35 Two-Man Saw
37:57 Town Watch
40:24 Chemistry
40:32 Conscription
42:44 Town Patrol
43:08 Ballistics
Connection lost

Rejoining the realm…

Still unreachable

The connection could not be restored.

Session expired

The server has moved on; the page needs a fresh start.